[Event "ICC tourney 2626 (40 10)"]
[Site "Internet Chess Club"]
[Date "2021.07.10"]
[Round "2"]
[White "MOERLIEN, PUWIT SKY:SuperBlueSky"]
[Black "Gaw, Chloe:HarleyQueen8"]
[Result "0-1"]
[ICCResult "White checkmated"]
[WhiteElo "1652"]
[BlackElo "1900"]
[Opening "QGA: classical, Rubinstein variation"]
[ECO "D27"]
[NIC "QG.07"]
[Time "13:16:43"]
[TimeControl "2400+10"]

1. d4 d5 2. c4 dxc4 3. Nf3 Nf6 4. e3 e6 5. Bxc4 c5 6. O-O a6 7. a4 Nc6 8.
Nc3 Be7 9. b3 O-O 10. Bb2 b6 11. dxc5 Bxc5 12. Qe2 Bb7 13. Rfd1 Qc7 14. e4
Ng4 15. Rf1 Nd4 16. h3 Nxf3+ 17. Qxf3 Qh2# {White checkmated} 0-1

[Event "ICC tourney 2626 (40 10)"]
[Site "Internet Chess Club"]
[Date "2021.07.10"]
[Round "2"]
[White "REVESZ, GREGORY:GRevesz"]
[Black "CHEN, JUSTIN:justinchess"]
[Result "0-1"]
[ICCResult "White checkmated"]
[WhiteElo "1979"]
[BlackElo "2383"]
[Opening "Saragossa opening"]
[ECO "A00"]
[NIC "VO.12"]
[Time "13:16:45"]
[TimeControl "2400+10"]

1. c3 Nf6 2. d3 d5 3. Nf3 g6 4. h3 Bg7 5. g4 c5 6. Bf4 Nc6 7. Qc2 O-O 8. e4
Re8 9. Nbd2 e5 10. Bh2 b6 11. Be2 Ba6 12. Nf1 c4 13. dxc4 dxe4 14. Ng5 Nd4
15. cxd4 exd4 16. Nd2 d3 17. Qa4 Bb7 18. Bf1 e3 19. Ndf3 e2 20. Rg1 d2+ 21.
Nxd2 exf1=R+ 22. Kxf1 Qd3# {White checkmated} 0-1

[Event "ICC tourney 2626 (40 10)"]
[Site "Internet Chess Club"]
[Date "2021.07.10"]
[Round "2"]
[White "LI, EDWARD:ScoutViolet"]
[Black "GUTLA, ARYAN:Aryangambit"]
[Result "0-1"]
[ICCResult "White resigns"]
[WhiteElo "1607"]
[BlackElo "2070"]
[Opening "Sicilian: dragon, Yugoslav attack, 7...O-O"]
[ECO "B76"]
[NIC "SI.17"]
[Time "13:16:33"]
[TimeControl "2400+10"]

1. e4 c5 2. Nf3 d6 3. d4 cxd4 4. Nxd4 Nf6 5. Nc3 g6 6. Be3 Bg7 7. f3 O-O 8.
Bc4 Nc6 9. O-O Bd7 10. Qd2 Rc8 11. Bb3 Ne5 12. Qe2 a6 13. a4 Qc7 14. Rfd1
Nc4 15. Bxc4 Qxc4 16. Qxc4 Rxc4 17. Rd3 Rfc8 18. Nde2 Kf8 19. b3 R4c6 20.
Rc1 b5 21. axb5 axb5 22. Nxb5 Rxc2 23. Rxc2 Rxc2 24. Nbd4 Rc8 25. Rc3 Rb8
26. Nc1 e5 27. Nc2 Ke8 28. Rd3 d5 29. exd5 Bf5 30. Rd2 Rc8 {White resigns}
0-1

[Event "ICC tourney 2626 (40 10)"]
[Site "Internet Chess Club"]
[Date "2021.07.10"]
[Round "2"]
[White "HEBDEN, MARK L:mhebden"]
[Black "MAHESHWARI, JAYANT:cooljay"]
[Result "1-0"]
[ICCResult "Black resigns"]
[WhiteElo "2503"]
[BlackElo "1977"]
[Opening "Queen's pawn game"]
[ECO "A46"]
[NIC "QP.06"]
[Time "13:16:32"]
[TimeControl "2400+10"]

1. d4 Nf6 2. Nf3 e6 3. c3 b6 4. Bg5 Bb7 5. Nbd2 Be7 6. e3 c5 7. Bd3 Nh5 8.
Bxe7 Qxe7 9. O-O Nc6 10. Re1 d6 11. b4 cxd4 12. cxd4 O-O 13. a3 a6 14. Rc1
b5 15. d5 Nd8 16. dxe6 fxe6 17. Be4 d5 18. Bb1 e5 19. Ba2 e4 20. Nd4 Nf6 21.
N2b3 Qe5 22. Na5 Bc8 23. Nac6 Qd6 24. Nxd8 Rxd8 25. Rc6 Qe5 26. f4 Qe7 27.
Qc2 Bd7 28. Rxf6 gxf6 29. Bxd5+ Kh8 30. Bxa8 Rxa8 31. Rc1 Kg7 32. Qc7 Kf7
33. Qb7 {Black resigns} 1-0

[Event "ICC tourney 2626 (40 10)"]
[Site "Internet Chess Club"]
[Date "2021.07.10"]
[Round "2"]
[White "Kousen, Kenneth A:kenkousen"]
[Black "Jin, Xiaodong:SuperWJ"]
[Result "1-0"]
[ICCResult "Black checkmated"]
[WhiteElo "1479"]
[BlackElo "1860"]
[Opening "Grünfeld: 5.e3"]
[ECO "D94"]
[NIC "GI.09"]
[Time "13:16:48"]
[TimeControl "2400+10"]

1. d4 Nf6 2. c4 g6 3. Nc3 d5 4. e3 Bg7 5. Nf3 O-O 6. Be2 dxc4 7. Bxc4 a6 8.
a4 b6 9. O-O Bb7 10. Be2 Nbd7 11. b4 c5 12. bxc5 bxc5 13. Ba3 Rc8 14. Qd2
cxd4 15. exd4 Qa5 16. Bb2 Rc7 17. Rfc1 Rfc8 18. Qd3 Nb8 19. Ne5 Bh6 20. Rc2
Be4 21. Nxe4 Rxc2 22. Nxf6+ exf6 23. Ng4 Rxb2 24. Nxh6+ Kg7 25. Ng4 Rcc2 26.
Qe3 Rxe2 27. Qh6+ Kg8 28. Nxf6+ Kh8 29. Qxh7# {Black checkmated} 1-0

[Event "ICC tourney 2626 (40 10)"]
[Site "Internet Chess Club"]
[Date "2021.07.10"]
[Round "2"]
[White "MARKOVIC, GORAN:Goran21"]
[Black "Gagliano, Ethan A:Percy101"]
[Result "1-0"]
[ICCResult "Black resigns"]
[WhiteElo "1980"]
[BlackElo "1823"]
[Opening "French: King's Indian attack"]
[ECO "C00"]
[NIC "FR.02"]
[Time "13:17:15"]
[TimeControl "2400+10"]

1. e4 e6 2. d3 d5 3. Nd2 c5 4. Ngf3 Nc6 5. g3 Bd6 6. Bg2 Nge7 7. O-O O-O 8.
Nh4 Bd7 9. f4 f6 10. f5 Ne5 11. fxe6 Bxe6 12. Nf5 Bxf5 13. exf5 Qb6 14. Kh1
Rad8 15. Qh5 Qc6 16. c4 Qe8 17. Qe2 dxc4 18. dxc4 N7c6 19. Bd5+ Kh8 20. Ne4
Nd4 21. Qg2 Qh5 22. b3 Nxf5 23. Bxb7 Ng4 24. Nxd6 Rxd6 25. Bf3 Rd3 26. Bf4
Rxf3 27. Rxf3 Nd4 28. Rd3 Re8 29. Rxd4 cxd4 30. Kg1 Qc5 31. Qd5 Qxd5 32.
cxd5 Rd8 33. d6 Ne5 34. Re1 Rxd6 35. Bxe5 fxe5 36. Rxe5 Kg8 37. Re1 Kf7 38.
Kf2 Kf6 39. Ke2 g6 40. Kd3 Ra6 41. Re2 Kf5 42. Kxd4 Rd6+ 43. Kc5 Rd7 44. h3
Rd3 45. Re7 Rxg3 46. Rxh7 Rc3+ 47. Kb4 Re3 48. a4 Re4+ 49. Kb5 Re5+ 50. Ka6
Re6+ 51. Kxa7 Re3 52. b4 Re4 53. a5 Rxb4 54. a6 g5 55. Ka8 Ke6 56. Rb7 Ra4
57. a7 Rd4 58. Kb8 Rd8+ 59. Kc7 Rd7+ 60. Kb6 Rd6+ 61. Kb5 Rd5+ 62. Kc4 Ra5
63. Kb4 Ra1 64. Kc5 Rc1+ 65. Kb6 Rb1+ 66. Kc7 Rc1+ 67. Kb8 Rd1 68. a8=Q Rd8+
69. Ka7 Rxa8+ 70. Kxa8 Kf5 71. Rb4 {Black resigns} 1-0

[Event "ICC tourney 2626 (40 10)"]
[Site "Internet Chess Club"]
[Date "2021.07.10"]
[Round "2"]
[White "Bian, Erin:funpawn"]
[Black "Belous, Vladimir:Openyagami"]
[Result "0-1"]
[ICCResult "White checkmated"]
[WhiteElo "1840"]
[BlackElo "2598"]
[Opening "Sicilian: Labourdonnais-Löwenthal (Kalashnikov) variation"]
[ECO "B32"]
[NIC "SI.32"]
[Time "13:17:50"]
[TimeControl "2400+10"]

1. e4 c5 2. Nf3 Nc6 3. d4 cxd4 4. Nxd4 e5 5. Nb5 d6 6. c4 g6 7. N1c3 a6 8.
Na3 Be6 9. Nc2 Bg7 10. Be2 Rc8 11. O-O Nge7 12. Ne3 Nd4 13. Ned5 Nec6 14.
Be3 O-O 15. Qd2 Na5 16. b3 b5 17. Rac1 bxc4 18. b4 Nac6 19. Bxc4 Nxb4 20.
Bb3 a5 21. Kh1 Kh8 22. f4 f5 23. exf5 Bxd5 24. Nxd5 Rxc1 25. Rxc1 Nxd5 26.
Bxd5 Nxf5 27. fxe5 Bxe5 28. Bg5 Qb6 29. Be4 Qb5 30. Bxf5 Rxf5 31. Rc8+ Kg7
32. Bh6+ Kf7 33. Rf8+ Ke6 34. Rxf5 Qb1+ 35. Qc1 Qxc1+ 36. Bxc1 Kxf5 37. a4
Bc3 38. Kg1 Ke4 39. Kf2 Kd3 40. Ba3 d5 41. Bd6 d4 42. Bf4 Kc2 43. h4 d3 44.
g4 Bf6 45. h5 g5 46. Be3 Bd4 47. Bxd4 d2 48. Bb6 d1=Q 49. Bxa5 Qxg4 50. Bd8
Qd4+ 51. Kg3 Qxd8 52. Kg4 Qf6 53. a5 Qf4+ 54. Kh3 g4+ 55. Kg2 Qf3+ 56. Kg1
g3 57. h6 Qf2+ 58. Kh1 Qh2# {White checkmated} 0-1

[Event "ICC tourney 2626 (40 10)"]
[Site "Internet Chess Club"]
[Date "2021.07.10"]
[Round "2"]
[White "BOSE, SIDDHARTH:siddharthbose"]
[Black "XIE, YULE:OctopusYule"]
[Result "0-1"]
[ICCResult "White checkmated"]
[WhiteElo "1409"]
[BlackElo "1845"]
[Opening "Vienna gambit: Paulsen attack"]
[ECO "C29"]
[NIC "VG.03"]
[Time "13:16:41"]
[TimeControl "2400+10"]

1. e4 e5 2. Nc3 Nf6 3. f4 d5 4. fxe5 Nxe4 5. Qf3 Nxc3 6. bxc3 Be7 7. d4 O-O
8. Bd3 f6 9. Qh5 f5 10. Qf3 c5 11. Bd2 Nc6 12. Ne2 c4 13. Nf4 cxd3 14. cxd3
Bg5 15. Qxd5+ Kh8 16. Qxd8 Rxd8 17. Ke2 Bxf4 18. Bxf4 Be6 19. a3 Rac8 20.
Rhc1 Na5 21. Rab1 Nb3 22. Bg5 Nxc1+ 23. Rxc1 Rd7 24. Ke3 h6 25. Bh4 g5 26.
Bf2 b5 27. Kd2 a6 28. Bg1 Kg7 29. g3 Bd5 30. Re1 Kg6 31. Be3 Rf7 32. Bf2 f4
33. g4 h5 34. gxh5+ Kxh5 35. h3 Kg6 36. Rc1 Kf5 37. Rg1 Rh7 38. Rc1 Rxh3 39.
c4 bxc4 40. dxc4 Rxc4 41. Rxc4 Bxc4 42. Be1 Rxa3 43. Kc2 g4 44. Kd2 g3 45.
Bxg3 fxg3 46. Ke1 g2 47. Kf2 Ra2+ 48. Kg1 Bd5 49. e6 Ra1+ 50. Kh2 g1=Q+ 51.
Kh3 Ra3+ 52. Kh4 Qh2# {White checkmated} 0-1

[Event "ICC tourney 2626 (40 10)"]
[Site "Internet Chess Club"]
[Date "2021.07.10"]
[Round "2"]
[White "Higgins, Sean M:higg1921"]
[Black "SHAWKAT, SAIF:saif-shawkat"]
[Result "1-0"]
[ICCResult "Black checkmated"]
[WhiteElo "1441"]
[BlackElo "2055"]
[Opening "Caro-Kann: exchange variation"]
[ECO "B13"]
[NIC "CK.02"]
[Time "13:16:33"]
[TimeControl "2400+10"]

1. e4 c6 2. d4 d5 3. exd5 cxd5 4. Bd3 Nc6 5. c3 g6 6. Bf4 Bf5 7. Bxf5 gxf5
8. Nf3 Nf6 9. Nbd2 e6 10. O-O Bd6 11. Be5 Bxe5 12. Nxe5 Nxe5 13. dxe5 Nd7
14. Qe2 O-O 15. Nf3 Kh8 16. Rfd1 Rc8 17. Rd4 Rg8 18. Qe3 Rg6 19. Rad1 Nb6
20. b3 Qg8 21. g3 Rg4 22. Rxg4 Qxg4 23. Rd4 Qg7 24. Rb4 Qf8 25. Rh4 f6 26.
exf6 Qxf6 27. Ng5 Rxc3 28. Rxh7+ Kg8 29. Qf4 e5 30. Qh4 d4 31. Rh6 Qg7 32.
Ne6 Qg4 33. Qd8+ Kf7 34. Qf8# {Black checkmated} 1-0

[Event "ICC tourney 2626 (40 10)"]
[Site "Internet Chess Club"]
[Date "2021.07.10"]
[Round "2"]
[White "LIANG, ETHAN Y:ELCCEthan488"]
[Black "YERRA, SAI SNEHA:saisneha"]
[Result "0-1"]
[ICCResult "White resigns"]
[WhiteElo "1842"]
[BlackElo "1950"]
[Opening "Nimzo-Indian: three knights variation"]
[ECO "E21"]
[NIC "NI.28"]
[Time "13:16:34"]
[TimeControl "2400+10"]

1. d4 Nf6 2. c4 e6 3. Nc3 Bb4 4. Nf3 O-O 5. Bg5 h6 6. Bh4 d5 7. e3 c5 8.
dxc5 Nbd7 9. cxd5 exd5 10. Qb3 Qa5 11. a3 Bxc3+ 12. Qxc3 Qxc3+ 13. bxc3 Nxc5
14. O-O-O Nfe4 15. Be7 Nb3+ 16. Kb2 Nxf2 17. Bb5 Nxh1 18. Bxf8 Kxf8 19. Rxh1
Nc5 20. Ne5 Be6 21. Rf1 Ke7 22. Be2 Ne4 23. Rf4 Rc8 24. c4 g5 25. Rxe4 dxe4
26. Kc3 b5 27. Kd4 f6 28. cxb5 fxe5+ 29. Kxe5 Rc2 30. Bf1 Rf2 {White
resigns} 0-1

[Event "ICC tourney 2626 (40 10)"]
[Site "Internet Chess Club"]
[Date "2021.07.10"]
[Round "2"]
[White "OBERAI, VIKRAM:vober6"]
[Black "SRIRAM, SHRAVAN:chickenlord999"]
[Result "1-0"]
[ICCResult "Black checkmated"]
[WhiteElo "1945"]
[BlackElo "1577"]
[Opening "French: Tarrasch, closed variation"]
[ECO "C05"]
[NIC "FR.17"]
[Time "13:16:59"]
[TimeControl "2400+10"]

1. e4 e6 2. d4 d5 3. Nd2 Nf6 4. e5 Nfd7 5. Bd3 c5 6. c3 Nc6 7. Ne2 Qb6 8.
Nf3 cxd4 9. cxd4 Bb4+ 10. Bd2 Bxd2+ 11. Qxd2 O-O 12. O-O f6 13. exf6 Nxf6
14. Rae1 Bd7 15. a3 Rac8 16. Bb1 Na5 17. Ne5 Bb5 18. Qe3 Nc4 19. Nxc4 Bxc4
20. b4 Qa6 21. f3 Rce8 22. Rf2 Qb6 23. Nf4 e5 24. dxe5 Qxe3 25. Rxe3 d4 26.
Re1 Nd7 27. Nd3 Bxd3 28. Bxd3 Nxe5 29. Be4 b6 30. Rd1 Rd8 31. Rfd2 Nc4 32.
Rxd4 Rxd4 33. Rxd4 Nxa3 34. Rd7 a5 35. bxa5 bxa5 36. Ra7 Rc8 37. Rxa5 Nc4
38. Bd5+ Kf8 39. Ra7 Ne3 40. Be4 h6 41. Kf2 Nd1+ 42. Kg3 Nc3 43. Bf5 Rc5 44.
Be6 Rg5+ 45. Bg4 h5 46. Kh4 Rg6 47. Kxh5 Rh6+ 48. Kg5 Rxh2 49. Bh3 Ne2 50.
Ra1 Kg8 51. Kg4 g5 52. Kxg5 Nd4 53. Kg4 Ne2 54. Re1 Rxh3 55. gxh3 Nd4 56. h4
Nc6 57. h5 Kh7 58. Kg5 Nd8 59. Re7+ Kh8 60. Re8+ Kh7 61. Rxd8 Kg7 62. Rd7+
Kf8 63. Rd1 Kg7 64. h6+ Kh8 65. Kg6 Kg8 66. Rd8# {Black checkmated} 1-0

[Event "ICC tourney 2626 (40 10)"]
[Site "Internet Chess Club"]
[Date "2021.07.10"]
[Round "2"]
[White "POTHURI, ABHIRAM SAI:chessasp"]
[Black "Kulkarni, Tanush:TeeKay2020"]
[Result "1-0"]
[ICCResult "Black checkmated"]
[WhiteElo "1927"]
[BlackElo "1765"]
[Opening "French: Tarrasch, closed variation, main line"]
[ECO "C06"]
[NIC "FR.17"]
[Time "13:16:34"]
[TimeControl "2400+10"]

1. e4 e6 2. d4 d5 3. Nd2 Nf6 4. e5 Nfd7 5. Bd3 c5 6. c3 Nc6 7. Ne2 cxd4 8.
cxd4 f6 9. exf6 Nxf6 10. Nf3 Bd6 11. O-O Qc7 12. Ng3 O-O 13. Re1 e5 14. dxe5
Nxe5 15. Nxe5 Bxe5 16. Bg5 Ng4 17. Rc1 Bxg3 18. hxg3 Qb6 19. Be3 Nxe3 20.
Rxe3 Bd7 21. Qh5 Rf6 22. Rce1 Be6 23. Bxh7+ Kf8 24. Bg6 d4 25. Re5 d3 26.
Qh8+ Bg8 27. Re8+ Rxe8 28. Rxe8# {Black checkmated} 1-0

[Event "ICC tourney 2626 (40 10)"]
[Site "Internet Chess Club"]
[Date "2021.07.10"]
[Round "2"]
[White "Chen, Henry:Bluebird1222"]
[Black "XIA, RUOXIAO:K05-16025390"]
[Result "1-0"]
[ICCResult "Black resigns"]
[WhiteElo "1681"]
[BlackElo "1873"]
[Opening "Sicilian: Anderssen variation"]
[ECO "B41"]
[NIC "SI.41"]
[Time "13:16:37"]
[TimeControl "2400+10"]

1. e4 c5 2. Nf3 e6 3. d4 cxd4 4. Nxd4 Nf6 5. Nc3 Nc6 6. Bc4 Qb6 7. Nxc6 bxc6
8. O-O d5 9. Bd3 Bd6 10. Qe2 Qc7 11. g3 O-O 12. Bg5 Nd7 13. exd5 exd5 14.
Be7 Bxe7 15. Qxe7 Rb8 16. b3 Qa5 17. Qh4 Nf6 18. Ne2 Rb4 19. Qg5 Bh3 20.
Rfe1 Rg4 21. Qc1 d4 22. Nf4 Nd5 23. Nxh3 Nc3 24. f3 Rg6 25. Bxg6 fxg6 26. f4
Qh5 27. Kg2 Qd5+ 28. Kg1 Qh5 29. Nf2 g5 30. g4 Qh4 31. f5 h5 32. Qd2 hxg4
33. Qxd4 Rxf5 34. Qxc3 Qxf2+ 35. Kh1 Rf3 36. Qc4+ Kh7 37. Qxg4 Rf4 38. Qh5+
Kg8 39. Re8+ Rf8 40. Rxf8+ Qxf8 41. Qe2 Qc5 42. Rf1 Qd5+ 43. Qf3 Qc5 44. Qe4
Qd6 45. c4 a6 46. Re1 Kh8 47. Qe8+ Kh7 48. Qh5+ {Black resigns} 1-0

[Event "ICC tourney 2626 (40 10)"]
[Site "Internet Chess Club"]
[Date "2021.07.10"]
[Round "2"]
[White "FILIPOVICH, DAVID MICHAEL:dmfcan"]
[Black "LANE, THOMAS COE:tclaneva"]
[Result "1/2-1/2"]
[ICCResult "Game drawn by mutual agreement"]
[WhiteElo "2150"]
[BlackElo "1790"]
[Opening "Réti: King's Indian attack"]
[ECO "A05"]
[NIC "QP.11"]
[Time "13:16:31"]
[TimeControl "2400+10"]

1. Nf3 Nf6 2. g3 g6 3. Bg2 Bg7 4. O-O O-O 5. d4 d6 6. b3 Nbd7 7. Bb2 c5 8.
c4 cxd4 9. Nxd4 Nc5 10. Nc3 a6 11. Qd2 Qc7 12. Rfd1 Bd7 13. h3 e6 14. e4
Rac8 15. Kh2 Rfd8 16. Qe2 Bc6 17. b4 Na4 18. Nxc6 Nxc3 19. Bxc3 bxc6 20.
Rac1 Qb7 21. a3 d5 22. Bxf6 Bxf6 23. cxd5 cxd5 24. Rxc8 Qxc8 25. exd5 exd5
26. Bxd5 Qf5 27. Bb3 Kg7 28. Rxd8 Bxd8 29. Kg2 Bb6 30. Qf3 Qxf3+ 31. Kxf3
Kf6 32. Bc4 a5 33. bxa5 Bxa5 34. a4 Ke7 35. Ke4 Be1 36. Ke3 f6 37. Ke2 Ba5
38. Bg8 Kf8 39. Bc4 Ke7 40. f3 Kd6 41. Bg8 h6 42. Bh7
{Game drawn by mutual agreement}
1/2-1/2

[Event "ICC tourney 2626 (40 10)"]
[Site "Internet Chess Club"]
[Date "2021.07.10"]
[Round "2"]
[White "CHENG, MICHAEL NY:ningyuan131"]
[Black "ZHANG, MULAN JIEMIN:Mulan2009"]
[Result "1-0"]
[ICCResult "Black checkmated"]
[WhiteElo "2069"]
[BlackElo "1627"]
[Opening "QGD: exchange, positional line"]
[ECO "D35"]
[NIC "QO.16"]
[Time "13:16:55"]
[TimeControl "2400+10"]

1. d4 d5 2. c4 e6 3. Nc3 Nf6 4. cxd5 exd5 5. Bg5 Be7 6. e3 h6 7. Bh4 O-O 8.
Bd3 c6 9. Nge2 Ne8 10. Bg3 Bd6 11. O-O Bxg3 12. Nxg3 f5 13. Nge2 Nd6 14. b4
Qg5 15. b5 Ne4 16. Qc1 Rf6 17. Nf4 Bd7 18. g3 Nxc3 19. Qxc3 Rd6 20. bxc6
Bxc6 21. Qb4 Qf6 22. Bxf5 Na6 23. Qa3 Rad8 24. Bd3 Be8 25. Qb3 Bf7 26. Rfc1
g5 27. Ng2 Rb6 28. Qd1 Nb4 29. Ne1 Rf8 30. Qd2 Bh5 31. Rab1 Nxd3 32. Rxb6
Qxb6 33. Nxd3 Bf3 34. Ne5 Qf6 35. Nxf3 Qxf3 36. Rc7 Rf7 37. Rxf7 Qxf7 38.
Qd1 Qc7 39. Qh5 Kg7 40. Qe8 Qb6 41. Qe5+ Kg6 42. Qxd5 a5 43. e4 Qb1+ 44. Kg2
b5 45. e5 a4 46. Qg8+ Kh5 47. Qf7+ Qg6 48. g4+ Kxg4 49. Qxg6 b4 50. f3+ Kf4
51. Qe4# {Black checkmated} 1-0

[Event "ICC tourney 2626 (40 10)"]
[Site "Internet Chess Club"]
[Date "2021.07.10"]
[Round "2"]
[White "LIU, ETHAN:soggydollar"]
[Black "MAR, RACHAEL YUNXI:KittiesRock18"]
[Result "0-1"]
[ICCResult "White forfeits on time"]
[WhiteElo "1796"]
[BlackElo "1935"]
[Opening "Sicilian"]
[ECO "B56"]
[NIC "SI.25"]
[Time "13:16:50"]
[TimeControl "2400+10"]

1. e4 c5 2. Nf3 d6 3. d4 cxd4 4. Nxd4 Nf6 5. Nc3 Nc6 6. Be3 e6 7. f4 Be7 8.
Bd3 O-O 9. Qf3 Nxd4 10. Bxd4 e5 11. fxe5 dxe5 12. Bxe5 Be6 13. h3 Rc8 14.
Rd1 Nd7 15. Bf4 Qb6 16. Bc1 Ne5 17. Qg3 Bd6 18. Qh4 Nxd3+ 19. Rxd3 Rc4 20.
b3 Rd4 21. Be3 Rxd3 22. Bxb6 Rxc3 23. Bf2 Rxc2 24. O-O Rxa2 25. Bd4 Re8 26.
Qg5 Bf8 27. Rf3 h6 28. Qb5 Rd8 29. Bc3 b6 30. Rg3 Bc5+ {White forfeits on
time} 0-1

[Event "ICC tourney 2626 (40 10)"]
[Site "Internet Chess Club"]
[Date "2021.07.10"]
[Round "2"]
[White "ZENG, ELBERT:investigator"]
[Black "CHENG, Claire:Clairehouses"]
[Result "1-0"]
[ICCResult "Black checkmated"]
[WhiteElo "2094"]
[BlackElo "1811"]
[Opening "QGD: exchange, positional line"]
[ECO "D35"]
[NIC "QO.16"]
[Time "13:17:50"]
[TimeControl "2400+10"]

1. d4 Nf6 2. c4 e6 3. Nc3 d5 4. cxd5 exd5 5. Bg5 Be7 6. e3 O-O 7. Bd3 c6 8.
Nge2 Nbd7 9. O-O Re8 10. Qd2 Ne4 11. Nxe4 dxe4 12. Bxe7 Qxe7 13. Bc2 Nb6 14.
Nc3 f5 15. Rae1 Be6 16. f3 exf3 17. Rxf3 Qg5 18. Qf2 Rf8 19. Rf1 Nc4 20. b3
Nd6 21. e4 g6 22. exf5 Nxf5 23. Ne4 Qe7 24. g4 Nd6 25. Rxf8+ Rxf8 26. Qxf8+
Qxf8 27. Rxf8+ Kxf8 28. Nxd6 Bxg4 29. Nxb7 Ke7 30. Be4 Bd7 31. Kf2 Kf6 32.
Na5 Bf5 33. Bxf5 Kxf5 34. Kf3 Kg5 35. Nxc6 Kf5 36. d5 g5 37. h3 h5 38. b4
g4+ 39. hxg4+ hxg4+ 40. Kg3 a6 41. a3 Kg5 42. d6 Kf6 43. d7 Kf7 44. d8=Q Ke6
45. Kxg4 a5 46. Kf4 axb4 47. Ke4 bxa3 48. Qe7# {Black checkmated} 1-0

[Event "ICC tourney 2626 (40 10)"]
[Site "Internet Chess Club"]
[Date "2021.07.10"]
[Round "2"]
[White "SAMADASHVILI, MARTHA:ponytailchess"]
[Black "TRANDAFIR, STEFAN:trandaferrari"]
[Result "1-0"]
[ICCResult "Black resigns"]
[WhiteElo "2312"]
[BlackElo "1951"]
[Opening "Sicilian: Nimzovich-Rossolimo attack (without ...d6)"]
[ECO "B30"]
[NIC "SI.31"]
[Time "13:16:50"]
[TimeControl "2400+10"]

1. e4 c5 2. Nf3 Nc6 3. Bb5 e6 4. O-O Nge7 5. c3 a6 6. Ba4 b5 7. Bc2 d5 8.
exd5 Nxd5 9. d4 Bb7 10. a4 Qb6 11. axb5 axb5 12. Rxa8+ Bxa8 13. dxc5 Bxc5
14. Nbd2 h6 15. Nb3 Be7 16. Qd3 Qb7 17. Re1 Nf6 18. Nbd2 Nb8 19. Re5 Nd5 20.
Bb3 Nd7 21. Re1 N7f6 22. Ne4 O-O 23. Bc2 Rd8 24. Rd1 Qb8 25. h3 Nc7 26.
Nxf6+ Bxf6 27. Qh7+ Kf8 28. Be3 Na6 29. Ra1 Qb7 30. Bb3 Rd7 31. Rxa6 Qxa6
32. Bc5+ Rd6 33. Bxd6+ Qxd6 34. Qh8+ Ke7 35. Qxa8 b4 36. Qb7+ Kf8 37. Qxb4
{Black resigns}
1-0

[Event "ICC tourney 2626 (40 10)"]
[Site "Internet Chess Club"]
[Date "2021.07.10"]
[Round "2"]
[White "HU, ALEXANDER C:ahu1015"]
[Black "CRG, Krishna:crg"]
[Result "0-1"]
[ICCResult "White resigns"]
[WhiteElo "2024"]
[BlackElo "2577"]
[Opening "French: Tarrasch, closed variation"]
[ECO "C05"]
[NIC "FR.17"]
[Time "13:16:39"]
[TimeControl "2400+10"]

1. e4 e6 2. d4 d5 3. Nd2 Nf6 4. e5 Nfd7 5. Bd3 c5 6. c3 Nc6 7. Ne2 a5 8. O-O
a4 9. f4 a3 10. b3 cxd4 11. cxd4 Nb6 12. Nf3 Bd7 13. Ng3 Nb4 14. Bb1 g6 15.
h4 Be7 16. h5 Qc7 17. Bd2 Rc8 18. Bxb4 Bxb4 19. Bd3 Be7 20. Rf2 Qd8 21. Qd2
Na8 22. Ng5 Nc7 23. Qe2 Bxg5 24. fxg5 Qxg5 25. Rf3 Na6 26. Raf1 Nb4 27. Bb5
Nc6 28. Qf2 Nxe5 29. Bxd7+ Nxd7 30. Rxf7 Rc1 31. Qe2 Rxf1+ 32. Rxf1 Ke7 33.
Qe1 Rf8 34. hxg6 hxg6 35. Qb4+ Ke8 36. Rxf8+ Nxf8 37. Nf1 Qf4 38. Qa4+ Nd7
39. Qa8+ Kf7 40. Qh8 Nf6 41. Qc8 Qxd4+ 42. Kh1 Qb4 43. Qc7+ Qe7 44. Qe5 Ng4
45. Qg3 Qf6 46. Qc7+ Kg8 47. Qc8+ Kg7 48. Qc7+ Kh6 49. Qc1+ Qg5 50. Qa1 Qh4+
51. Kg1 Qf2+ 52. Kh1 d4 53. Qc1+ g5 54. Nd2 Ne3 55. Qg1 Qxd2 56. Qh2+ Kg6
{White resigns}
0-1

[Event "ICC tourney 2626 (40 10)"]
[Site "Internet Chess Club"]
[Date "2021.07.10"]
[Round "2"]
[White "LIU, PATRICK PEIJUN:JunlinTheWorld"]
[Black "YE, STEPHEN:Monkeee"]
[Result "1-0"]
[ICCResult "Black checkmated"]
[WhiteElo "1851"]
[BlackElo "1980"]
[Opening "Queen's pawn game"]
[ECO "D05"]
[NIC "QP.06"]
[Time "13:17:51"]
[TimeControl "2400+10"]

1. d4 Nf6 2. Nf3 e6 3. e3 d5 4. Bd3 Nbd7 5. Nbd2 b6 6. b3 Bb7 7. Bb2 Bd6 8.
O-O Qe7 9. a3 O-O 10. Ne5 c5 11. f4 Ne4 12. Qe2 f5 13. c4 Ndf6 14. Ndf3 Rac8
15. a4 a5 16. Rac1 Ba6 17. Rfd1 Rc7 18. Rc2 Rfc8 19. Rdc1 Qe8 20. Ba3 Qe7
21. Bb2 g6 22. Ba3 Kg7 23. g3 Rh8 24. Kg2 Rhc8 25. Qe1 cxd4 26. Bxd6 Qxd6
27. Nxd4 Nc5 28. Qd2 Nfe4 29. Bxe4 Nxe4 30. Qe2 Kf6 31. Nb5 Bxb5 32. cxb5
Nc5 33. Rc3 Nxb3 34. Rxc7 Rxc7 35. Rxc7 Qxc7 36. Qb2 Nc5 37. Nc6+ Kf7 38.
Qh8 Qd6 39. Qxh7+ Kf6 40. Ne5 Qf8 41. Qxg6+ Ke7 42. Qh7+ Kd6 43. Qa7 Qd8 44.
Nf7# {Black checkmated} 1-0

[Event "ICC tourney 2626 (40 10)"]
[Site "Internet Chess Club"]
[Date "2021.07.10"]
[Round "2"]
[White "GUILLEMETTE, HUGO:Heliosis"]
[Black "CHUBAKOV, SULTAN:schubakov"]
[Result "0-1"]
[ICCResult "White forfeits on time"]
[WhiteElo "1886"]
[BlackElo "2100"]
[Opening "Sicilian: Kan, 5.Nc3"]
[ECO "B43"]
[NIC "SI.43"]
[Time "13:16:32"]
[TimeControl "2400+10"]

1. e4 c5 2. Nf3 e6 3. Nc3 a6 4. d4 cxd4 5. Nxd4 Qc7 6. Be3 Bb4 7. Qd2 Nf6 8.
Bd3 d5 9. exd5 Nxd5 10. Nde2 O-O 11. O-O Bxc3 12. Nxc3 Nxc3 13. bxc3 Nd7 14.
Qe2 Re8 15. Bd4 Nf8 16. f4 Bd7 17. Qf2 f5 18. Rab1 Bc6 19. Bc4 b5 20. Bb3
Be4 21. Rbe1 Qc6 22. Re3 Re7 23. Rg3 Rb8 24. Kh1 a5 25. a3 a4 26. Ba2 Rc8
27. Rd1 Qd6 28. c4 bxc4 29. Qf1 Qc6 30. Rc3 Bd5 31. h3 Nd7 32. Qe2 Qa6 33.
Rb1 Nf8 34. Rb6 Qa8 35. Bxc4 Bxc4 36. Rxc4 Rxc4 37. Qxc4 Qe4 38. Qb4 Re8 39.
Rb7 e5 40. Bxe5 Qxb4 41. axb4 Ne6 42. Ra7 Rc8 43. c3 Rc4 44. Rxa4 Nxf4 45.
Ra8+ Kf7 46. Bxf4 Rxf4 47. Rc8 Rf1+ 48. Kh2 f4 49. b5 Rb1 50. c4 Rb2 51. Kg1
Ke6 {White forfeits on time} 0-1

[Event "ICC tourney 2626 (40 10)"]
[Site "Internet Chess Club"]
[Date "2021.07.10"]
[Round "2"]
[White "FAULKS, ANTHONY:BlackKnight8020"]
[Black "PRIYADARSHI, VED:ved2006"]
[Result "1/2-1/2"]
[ICCResult "Game drawn by repetition"]
[WhiteElo "1967"]
[BlackElo "1706"]
[Opening "Queen's pawn: stonewall attack"]
[ECO "D00"]
[NIC "QP.08"]
[Time "13:16:32"]
[TimeControl "2400+10"]

1. d4 d5 2. e3 Nf6 3. Bd3 c6 4. Nd2 Bg4 5. f3 Bh5 6. Ne2 e6 7. Nf4 Bg6 8.
Nxg6 hxg6 9. f4 Nbd7 10. Nf3 Be7 11. Bd2 c5 12. c3 Bd6 13. Ne5 Bxe5 14. dxe5
Ng8 15. O-O Nh6 16. Qe2 Nf5 17. Be1 c4 18. Bb1 b5 19. a4 Qa5 20. e4 Ne7 21.
Ra2 bxa4 22. exd5 Nxd5 23. Qxc4 O-O 24. Qxa4 Qxa4 25. Rxa4 Rfb8 26. Ra2 N7b6
27. Be4 Nc4 28. Rf2 a5 29. Bxd5 exd5 30. b4 a4 31. Ra1 Rb7 32. Rfa2 a3 33.
Bf2 Ra6 34. Kf1 Rb8 35. Ke2 Kf8 36. Bc5+ Ke8 37. Kd3 Kd7 38. Kc2 Rh8 39. Rh1
Kc6 40. Bd4 Kd7 41. Kb1 Ke6 42. Rf2 Rc8 43. Ka2 Nb2 44. Rf3 Nc4 45. Rd3 Nb2
46. Rh3 Nc4 47. Rd1 Raa8 48. g4 Rh8 49. Rdd3 Rh6 50. Rdf3 Nd2 51. f5+ gxf5
52. Rxh6+ gxh6 53. gxf5+ Ke7 54. Rh3 Nc4 55. Rxh6 Rg8 56. Rh3 Rg2+ 57. Ka1
Nd2 58. Ka2 Nc4+ 59. Ka1 Re2 60. Rd3 Re1+ 61. Ka2 Re2+ 62. Ka1 Re1+ 63. Ka2
Re2+ 64. Ka1 Re1+ {Game drawn by repetition} 1/2-1/2